IL
TOLEDO MUD HENS @ TACOMA RAINIERS
08/02/2044
 
TOP OF THE 1ST
Toledo Mud Hens batting - Pitching for Tacoma Rainiers : LHP Alex Villagran
Pitching: LHP Alex Villagran
Batting: SHB Raul Morales 0-0: Foul Ball, location: 2F
0-1: Ball
1-1: Ground out 5-3 (Groundball, 56, EV 78.1 MPH)
Batting: RHB Paul Wood 0-0: Ball
1-0: Called Strike
1-1: Ball
2-1: Ball
3-1: Swinging Strike
3-2: Strikes out looking
Batting: RHB Tim Borden 0-0: Ball
1-0: Swinging Strike
1-1: Ball
2-1: Ball
3-1: Swinging Strike
3-2: Reached on error, E6 (Groundball, 6, EV 106.9 MPH)
Batting: RHB Zach Koblinski 0-0: Called Strike
0-1: Ball
1-1: Called Strike
1-2: Ball
2-2: Ball
3-2: Foul Ball, location: 9LSF, Error on foul ball, E9
3-2: Ground out 2-3 (Groundball, 15S, EV 60.6 MPH)
Top of the 1st over - 0 runs, 0 hits, 2 errors, 1 left on base; Toledo 0 - Tacoma 0
BOTTOM OF THE 1ST
Tacoma Rainiers batting - Pitching for Toledo Mud Hens : RHP Adam Huemmer
Pitching: RHP Adam Huemmer
Batting: RHB David Aguilar 0-0: Called Strike
0-1: Foul Ball, location: 2F
0-2: Strikes out swinging
Batting: RHB Tatsunori Hayakawa 0-0: Ball
1-0: Ground out 5-3 (Groundball, 56, EV 85.6 MPH)
Batting: RHB Kevin Chafe 0-0: Fly out, F7 (Line Drive, 7, EV 103.8 MPH)
Bottom of the 1st over - 0 runs, 0 hits, 0 errors, 0 left on base; Toledo 0 - Tacoma 0
TOP OF THE 2ND
Toledo Mud Hens batting - Pitching for Tacoma Rainiers : LHP Alex Villagran
Batting: SHB Jamie Roberts 0-0: Ball
1-0: Fly out, F9 (Flyball, 89M, EV 85.6 MPH)
Batting: SHB Jared Boyce 0-0: Called Strike
0-1: Ball
1-1: Called Strike
1-2: Strikes out looking
Batting: RHB Josh Stinnett 0-0: Called Strike
0-1: Ball
1-1: DOUBLE (Line Drive, 9LM, EV 97.5 MPH)
Batting: LHB Jamel Alexander 0-0: Called Strike
0-1: Ball
1-1: Ball
2-1: Foul Ball, location: 2F
2-2: Ground out 3-1 (Groundball, 34, EV 92.5 MPH)
Top of the 2nd over - 0 runs, 1 hit, 0 errors, 1 left on base; Toledo 0 - Tacoma 0
BOTTOM OF THE 2ND
Tacoma Rainiers batting - Pitching for Toledo Mud Hens : RHP Adam Huemmer
Batting: RHB Bill Vives 0-0: Ball
1-0: Ball
2-0: Foul Ball, location: 2F
2-1: SINGLE (Groundball, 56D, EV 97.5 MPH)
Batting: SHB Ismael Bello 0-0: Called Strike
0-1: Ball
1-1: Ball
2-1: Called Strike
2-2: Foul Ball, location: 2F
2-2: Strikes out swinging
Batting: SHB Tony de Lara 0-0: Foul Ball, location: 2F
0-1: Swinging Strike
0-2: Ball
1-2: Ball
2-2: DOUBLE (Line Drive, 7LM, EV 103.8 MPH)
Bill Vives to third
Batting: RHB Jim Begger 0-0: Ball
1-0: Ball
2-0: Ground out 5-3 (Groundball, 56, EV 86.9 MPH)
Bill Vives scores
Batting: RHB Sumiki Ryu 0-0: Called Strike
0-1: Ball
1-1: Foul Ball, location: 2F
1-2: Strikes out swinging
Bottom of the 2nd over - 1 run, 2 hits, 0 errors, 1 left on base; Toledo 0 - Tacoma 1
TOP OF THE 3RD
Toledo Mud Hens batting - Pitching for Tacoma Rainiers : LHP Alex Villagran
Batting: LHB Howie Gutierrez 0-0: Ball
1-0: Ball
2-0: Called Strike
2-1: Foul Ball, location: 2F
2-2: Foul Ball, location: 2F
2-2: Fly out, F2 (Popup, 23F, EV 94.4 MPH)
Batting: SHB Raul Morales 0-0: Called Strike
0-1: Swinging Strike
0-2: DOUBLE (Line Drive, 8RD, EV 93.1 MPH)
Batting: RHB Paul Wood 0-0: Ball
1-0: Swinging Strike
1-1: Ball
2-1: Foul Ball, location: 2F
2-2: Ball
3-2: Foul Ball, location: 2F
3-2: Fly out, F4 (Flyball, 3D, EV 95.0 MPH)
Batting: RHB Tim Borden 0-0: Ball
1-0: Fly out, F9 (Flyball, 89D, EV 83.1 MPH)
Top of the 3rd over - 0 runs, 1 hit, 0 errors, 1 left on base; Toledo 0 - Tacoma 1
BOTTOM OF THE 3RD
Tacoma Rainiers batting - Pitching for Toledo Mud Hens : RHP Adam Huemmer
Batting: RHB Matt Berkley 0-0: Foul Ball, location: 2F
0-1: Called Strike
0-2: Ball
1-2: Ball
2-2: Foul Ball, location: 2F
2-2: Ball
3-2: Foul Ball, location: 2F
3-2: Strikes out swinging
Batting: RHB David Aguilar 0-0: Ball
1-0: Foul Ball, location: 2F
1-1: Ball
2-1: Swinging Strike
2-2: Foul Ball, location: 2F
2-2: Foul Ball, location: 2F
2-2: Reached via error on a dropped throw from SS, E3 (Groundball, 56, EV 101.9 MPH)
Batting: RHB Tatsunori Hayakawa 0-0: Called Strike
0-1: Ball
1-1: Ball
David Aguilar steals 2nd base
2-1: DOUBLE (Groundball, 5L, EV 105.6 MPH)
David Aguilar scores
Batting: RHB Kevin Chafe 0-0: Called Strike
Tatsunori Hayakawa steals 3rd base
0-1: Ball
1-1: Ball
2-1: Foul Ball, location: 2F
2-2: Foul Ball, location: 2F
2-2: Ground out 6-3 (Groundball, 4MD, EV 109.4 MPH)
Tatsunori Hayakawa scores
Batting: RHB Bill Vives 0-0: Foul Ball, location: 2F
0-1: Foul Ball, location: 2F
0-2: Foul Ball, location: 2F
0-2: Ball
1-2: Reached on error, E6 (Groundball, 6, EV 79.4 MPH)
Batting: SHB Ismael Bello 0-0: Ball
Pickoff Throw to First - Out! 1-3
Bottom of the 3rd over - 2 runs, 1 hit, 2 errors, 0 left on base; Toledo 0 - Tacoma 3
TOP OF THE 4TH
Toledo Mud Hens batting - Pitching for Tacoma Rainiers : LHP Alex Villagran
Batting: RHB Zach Koblinski 0-0: Ball
1-0: Ground out 6-3 (Groundball, 56, EV 105.0 MPH)
Batting: SHB Jamie Roberts 0-0: Called Strike
0-1: Swinging Strike
0-2: Ball
1-2: Ground out 6-3 (Groundball, 6M, EV 99.4 MPH)
Batting: SHB Jared Boyce 0-0: Ball
1-0: Called Strike
1-1: Ball
2-1: Ground out 5-3 (Groundball, 56S, EV 89.4 MPH)
Top of the 4th over - 0 runs, 0 hits, 0 errors, 0 left on base; Toledo 0 - Tacoma 3
BOTTOM OF THE 4TH
Tacoma Rainiers batting - Pitching for Toledo Mud Hens : RHP Adam Huemmer
Batting: SHB Ismael Bello 0-0: Ball
1-0: Foul Ball, location: 2F
1-1: Ball
2-1: Ball
3-1: SINGLE (Groundball, 13S, EV 67.5 MPH) (infield hit)
Batting: SHB Tony de Lara 0-0: Called Strike
0-1: Fly out, F9 (Flyball, 9, EV 89.4 MPH)
Batting: RHB Jim Begger 0-0: Ball
1-0: Foul Ball, location: 2F
1-1: Ball
2-1: Ball
3-1: Grounds into double play, 4-6-3 (Groundball, 4, EV 109.4 MPH)
Bottom of the 4th over - 0 runs, 1 hit, 0 errors, 0 left on base; Toledo 0 - Tacoma 3
TOP OF THE 5TH
Toledo Mud Hens batting - Pitching for Tacoma Rainiers : LHP Alex Villagran
Batting: RHB Josh Stinnett 0-0: Ball
1-0: Swinging Strike
1-1: Called Strike
1-2: Ball
2-2: Strikes out looking
Batting: LHB Jamel Alexander 0-0: Ball
1-0: Ball
2-0: Ball
3-0: Base on Balls
Batting: LHB Howie Gutierrez 0-0: Foul Ball, location: 2F
0-1: Foul Ball, location: 2F
0-2: Fly out, F2 (Popup, 5SF, EV 87.5 MPH)
Batting: SHB Raul Morales 0-0: Ball
1-0: Ground out 6-3 (Groundball, P, EV 88.1 MPH)
Top of the 5th over - 0 runs, 0 hits, 0 errors, 1 left on base; Toledo 0 - Tacoma 3
BOTTOM OF THE 5TH
Tacoma Rainiers batting - Pitching for Toledo Mud Hens : RHP Adam Huemmer
Batting: RHB Sumiki Ryu 0-0: Ball
1-0: Ball
2-0: Ball
3-0: Base on Balls
Batting: RHB Matt Berkley 0-0: Ball
1-0: Ball
2-0: Foul Ball, location: 2F
2-1: SINGLE (Groundball, 56D, EV 97.5 MPH)
Sumiki Ryu to second
Batting: RHB David Aguilar 0-0: Called Strike
0-1: Foul Ball, location: 2F
0-2: Ball
1-2: Ball
2-2: SINGLE (Groundball, 34D, EV 95.6 MPH)
Sumiki Ryu to third
Matt Berkley to second
Batting: RHB Tatsunori Hayakawa 0-0: SINGLE (Flyball, 8RS, EV 83.8 MPH)
Sumiki Ryu scores
Matt Berkley to third
David Aguilar to second
Runner from 3rd tries for Home, throw by CF and OUT! 8-2
Batting: RHB Kevin Chafe 0-0: Fly out, F7 (Line Drive, 7LM, EV 85.6 MPH)
Batting: RHB Bill Vives 0-0: Ball
David Aguilar steals 3rd base
1-0: Ground out 1-3 (Groundball, 13S, EV 70.0 MPH)
Bottom of the 5th over - 1 run, 3 hits, 0 errors, 2 left on base; Toledo 0 - Tacoma 4
TOP OF THE 6TH
Toledo Mud Hens batting - Pitching for Tacoma Rainiers : LHP Alex Villagran
Batting: RHB Paul Wood 0-0: Ball
1-0: Ball
2-0: DOUBLE (Line Drive, 9LD, EV 100.0 MPH)
Batting: RHB Tim Borden 0-0: Ball
1-0: Ball
2-0: Foul Ball, location: 2F
2-1: Called Strike
2-2: Fly out, F5 (Popup, 5SF, EV 78.1 MPH)
Batting: RHB Zach Koblinski 0-0: Foul Ball, location: 2F
0-1: Foul Ball, location: 2F
0-2: Ground out 5-3 (Groundball, 56S, EV 68.8 MPH)
Paul Wood to third
Batting: SHB Jamie Roberts 0-0: Ball
1-0: Ball
2-0: Fly out, F8 (Flyball, 8LD, EV 103.8 MPH)
Top of the 6th over - 0 runs, 1 hit, 0 errors, 1 left on base; Toledo 0 - Tacoma 4
BOTTOM OF THE 6TH
Tacoma Rainiers batting - Pitching for Toledo Mud Hens : RHP Adam Huemmer
Batting: SHB Ismael Bello 0-0: Ball
1-0: Ball
2-0: Foul Ball, location: 2F
2-1: Fly out, F5 (Line Drive, 5, EV 65.6 MPH)
Batting: SHB Tony de Lara 0-0: Called Strike
0-1: Ball
1-1: Ball
2-1: Ground out U3 (Groundball, 3S, EV 68.8 MPH)
Batting: RHB Jim Begger 0-0: Ball
1-0: Ball
2-0: Called Strike
2-1: Foul Ball, location: 2F
2-2: Ball
3-2: Base on Balls
Pitching: RHP Alexis Priego
Batting: RHB Sumiki Ryu 0-0: Ball
1-0: Ball
2-0: Foul Ball, location: 2F
2-1: Swinging Strike
2-2: Foul Ball, location: 2F
2-2: Foul Ball, location: 2F
2-2: Strikes out looking
Bottom of the 6th over - 0 runs, 0 hits, 0 errors, 1 left on base; Toledo 0 - Tacoma 4
TOP OF THE 7TH
Toledo Mud Hens batting - Pitching for Tacoma Rainiers : LHP Alex Villagran
Pitching: RHP Francisco Mercado
Batting: SHB Jared Boyce 0-0: SINGLE (Groundball, 3D, EV 98.1 MPH)
Batting: RHB Josh Stinnett 0-0: Ball
1-0: Ball
2-0: Bunt missed!
2-1: Sac Bunt to 2R - play at second, runner OUT! 2-6
Batting: LHB Jamel Alexander 0-0: Called Strike
0-1: Called Strike
0-2: Foul Ball, location: 2F
0-2: Ball
1-2: Ball
2-2: Foul Ball, location: 2F
2-2: Ball
3-2: Fielders Choice at 2nd, 5-4 (Groundball, 5S, EV 82.5 MPH)
Batting: LHB Howie Gutierrez 0-0: Called Strike
0-1: Ball
Jamel Alexander steals 2nd base
1-1: Swinging Strike
1-2: Foul Ball, location: 2F
1-2: Ground out 4-3 (Groundball, 34, EV 102.5 MPH)
Top of the 7th over - 0 runs, 1 hit, 0 errors, 1 left on base; Toledo 0 - Tacoma 4
BOTTOM OF THE 7TH
Tacoma Rainiers batting - Pitching for Toledo Mud Hens : RHP Alexis Priego
Batting: RHB Matt Berkley 0-0: Swinging Strike
0-1: Ball
1-1: Ball
2-1: Ball
3-1: Base on Balls
Batting: RHB David Aguilar 0-0: Ball
1-0: Bunt missed!
1-1: Bunted foul
1-2: Foul Ball, location: 2F
1-2: Grounds into double play, 6-4-3 (Groundball, 56, EV 103.8 MPH)
Batting: RHB Tatsunori Hayakawa 0-0: Ball
1-0: Foul Ball, location: 2F
1-1: Fly out, F9 (Flyball, 9D, EV 108.1 MPH)
Bottom of the 7th over - 0 runs, 0 hits, 0 errors, 0 left on base; Toledo 0 - Tacoma 4
TOP OF THE 8TH
Toledo Mud Hens batting - Pitching for Tacoma Rainiers : RHP Francisco Mercado
Pitching: RHP Kenzaburo Yoneyama
Batting: SHB Raul Morales 0-0: Foul Ball, location: 2F
0-1: Swinging Strike
0-2: Ball
1-2: Ball
2-2: Strikes out swinging
Batting: RHB Paul Wood 0-0: Called Strike
0-1: Ball
1-1: Called Strike
1-2: Foul Ball, location: 2F
1-2: Ball
2-2: SINGLE (Groundball, 56, EV 87.5 MPH) (infield hit)
Batting: RHB Tim Borden 0-0: Foul Ball, location: 2F
0-1: Called Strike
0-2: Ball
1-2: Ball
2-2: Foul Ball, location: 2F
2-2: Ball
3-2: Foul Ball, location: 2F
3-2: Ground out 1-3 (Groundball, P, EV 75.0 MPH)
Paul Wood to second
Batting: RHB Zach Koblinski 0-0: Called Strike
0-1: Ball
Wild Pitch!
Paul Wood to third
1-1: Ball
2-1: DOUBLE (Line Drive, 78D, EV 111.9 MPH)
Paul Wood scores
Batting: SHB Jamie Roberts 0-0: Ball
1-0: Ground out 6-3 (Groundball, 6, EV 83.8 MPH)
Top of the 8th over - 1 run, 2 hits, 0 errors, 1 left on base; Toledo 1 - Tacoma 4
BOTTOM OF THE 8TH
Tacoma Rainiers batting - Pitching for Toledo Mud Hens : RHP Alexis Priego
Pitching: RHP Ken Howington
Batting: RHB Kevin Chafe 0-0: Ball
1-0: Ground out 5-3 (Groundball, 5, EV 79.4 MPH)
Batting: RHB Bill Vives 0-0: Ball
1-0: Ball
2-0: Called Strike
2-1: DOUBLE (Line Drive, 9LM, EV 100.0 MPH)
Batting: SHB Ismael Bello 0-0: Ball
1-0: Foul Ball, location: 2F
1-1: Fly out, F9 (Flyball, 89D, EV 91.3 MPH)
Batting: SHB Tony de Lara 0-0: Ball
1-0: Ball
2-0: Ball
3-0: Base on Balls
Batting: RHB Jim Begger 0-0: Ball
1-0: Fielders Choice at 2nd, 5-4 (Groundball, 56, EV 104.4 MPH)
Bottom of the 8th over - 0 runs, 1 hit, 0 errors, 2 left on base; Toledo 1 - Tacoma 4
TOP OF THE 9TH
Toledo Mud Hens batting - Pitching for Tacoma Rainiers : RHP Kenzaburo Yoneyama
Pitching: RHP Dave McGee
Batting: SHB Jared Boyce 0-0: Swinging Strike
0-1: Foul Ball, location: 2F
0-2: Ball
1-2: Foul Ball, location: 2F
1-2: Ball
2-2: Strikes out swinging
Batting: RHB Josh Stinnett 0-0: Ball
1-0: Foul Ball, location: 2F
1-1: Ball
2-1: Ball
3-1: Foul Ball, location: 2F
3-2: Strikes out swinging
Batting: LHB Jamel Alexander 0-0: Called Strike
0-1: Foul Ball, location: 2F
0-2: Ball
1-2: Foul Ball, location: 2F
1-2: Foul Ball, location: 2F
1-2: Strikes out looking
Top of the 9th over - 0 runs, 0 hits, 0 errors, 0 left on base; Toledo 1 - Tacoma 4
Thursday, March 31st , 2022 - OOTP Baseball 22.12 Build 89